 Dungeon Crawl Stone Soup version 0.22-a0-21-g9421e3f (webtiles) character file.

4 tidbits the Grave Robber (level 1, -1/7 HPs)
             Began as a Felid Necromancer on Jan 2, 2018.
             Slain by an adder (3 damage)
             ... on level 2 of the Dungeon.
             The game lasted 00:00:51 (81 turns).

tidbits the Grave Robber (Felid Necromancer)          Turns: 81, Time: 00:00:52

Health: -1/7       AC:  1    Str:  4    XL:     1   Next: 50%
Magic:  2/4        EV: 18    Int: 16    God:
Gold:   12         SH:  0    Dex: 16    Spells: 3/4 levels left
                                        Lives:  0   Deaths: 0

rFire    . . .     SeeInvis +     - Unarmed
rCold    . . .     Gourm    .   (shield unavailable)
rNeg     . . .     Faith    .   (armour unavailable)
rPois    .         Spirit   .   (helmet unavailable)
rElec    .         Reflect  .   (cloak unavailable)
rCorr    .         Harm     .   (gloves unavailable)
MR       .....                  (boots unavailable)
Stlth    +++.......             (no amulet)
HPRegen  0.02/turn              (no ring)
MPRegen  0.09/turn              (no ring)

@: quick
A: very small, no armour, no weapons or thrown items, stealth, claws 1, fangs 3,
see invisible, carnivore, speed 1, shaggy fur 1, slow metabolism 1, sharp paws
a: no special abilities


You were on level 2 of the Dungeon.
You were not hungry.

You visited 1 branch of the dungeon, and saw 2 of its levels.

You collected 12 gold pieces.

Inventory:

Scrolls
 c - a scroll of fog {unknown}
 e - a scroll of blinking {unknown}
 f - a scroll of noise {unknown}
Potions
 d - a potion of flight {unknown}
Books
 a - a book of Necromancy

   Spells                             Type                      Level
   a - Pain                           Necromancy                   1
   b - Animate Skeleton               Necromancy                   1
   c - Vampiric Draining              Necromancy                   3
   d - Regeneration                   Charms/Necromancy            3
   e - Animate Dead                   Necromancy                   4
   f - Borgnjor's Vile Clutch         Necromancy/Earth             5
Comestibles
 b - 2 rations


   Skills:
 - Level 2.6 Dodging
 - Level 2.6 Stealth
 + Level 1.1 Unarmed Combat
 - Level 2.0 Spellcasting
 - Level 4.0 Necromancy


You had 3 spell levels left.
You knew the following spells:

 Your Spells              Type           Power        Failure   Level  Hunger
a - Pain                  Necr           ##..         4%          1    #......


Dungeon Overview and Level Annotations

Branches:
Dungeon (2/15)

Altars:


Innate Abilities, Weirdness & Mutations

You cannot wear armour.
You are incapable of wielding weapons or throwing items.
Your paws allow you to move quietly. (Stealth)
You have sharp claws.
You have razor-sharp teeth.
You have supernaturally acute eyesight. (SInv)
You are carnivorous and can eat meat at any time.
You cover ground quickly.
You are covered in fur. (AC +1)
You have a slow metabolism.
Your sharp claws are effective at attacking unaware monsters.


Message History

Welcome, tidbits the Felid Necromancer.
Will you be the one to retrieve the fabulous Orb of Zot from the depths?
Press ? for a list of commands and other information.
Found a staircase leading out of the dungeon.
Found a leather armour.
Found an escape hatch in the floor.
Found a hunting sling.
Press: ? - help, v - describe, . - travel, g - get item A hunting sling.
The floor.
Found an escape hatch in the floor.
There is an escape hatch in the floor here.
You slide downwards.
The hatch slams shut behind you.
Found a spear.
Found a cloak and a sapphire potion.
You see here a spear.
Found a scroll labeled YCIAS NAICS.
A bat comes into view.
Found a ration.
You see here a scroll labeled YCIAS NAICS.
You scratch the bat.
You kill the bat!
c - a scroll labeled YCIAS NAICS You see here a bat corpse.
d - a sapphire potion Autopickup is now off.
Found 12 gold pieces.
You see here a ration.
A rat comes into view.
You see here a ration.
b - 2 rations (gained 1)
You see here 12 gold pieces.
You see here 12 gold pieces.
You now have 12 gold pieces.
Found a scroll labeled RULEIWN LIDDEI.
The helpless rat fails to defend itself.
You scratch the rat.
You kill the rat!
You see here a scroll labeled RULEIWN LIDDEI.
e - a scroll labeled RULEIWN LIDDEI A dart slug comes into view.
Found a scroll labeled BUYSUX WIDELEU.
Found a brown potion.
Found a stone staircase leading up.
Casting: Pain
Confirm with . or Enter, or press ? or * to list all spells.
Aiming: Pain
Press: ? - help, Shift-Dir - straight line, f - dart slug
Aim: a dart slug (chance to defeat MR: 85%)
The dart slug writhes in agony!
Casting: Pain
Confirm with . or Enter, or press ? or * to list all spells.
Aiming: Pain
Press: ? - help, Shift-Dir - straight line, f/p - dart slug
Aim: a dart slug (heavily wounded, chance to defeat MR: 85%)
The dart slug writhes in agony!
You kill the dart slug!
Your Unarmed Combat skill increases to level 1!
A hobgoblin comes into view.
An adder comes into view.
You see here a scroll labeled BUYSUX WIDELEU.
f - a scroll labeled BUYSUX WIDELEU The adder hisses angrily.
The adder bites you.
* * * LOW HITPOINT WARNING * * *
The adder bites you.
You die...

. #....... .# . .#
#......# .# .. .#
#....<.##.#. .#
#.......... .#
#.#..##^.# .# #....##..#
.######...#...# ###.#
..............####.....#
.######.###..!..@S.#
..#####.# ##.#####..#
........# #.# ....
..####### #.# ####
...... ..# ###### ### #


You could see an adder.

Vanquished Creatures
  A dart slug (D:2)
  A bat (D:2)
  A rat (D:2)
3 creatures vanquished.

Notes
Turn   | Place    | Note
-------+----------+-------------------------------------------
     0 | D:1      | tidbits the Felid Necromancer began the quest for the Orb.
     0 | D:1      | Reached XP level 1. HP: 7/7 MP: 4/4
    71 | D:2      | Reached skill level 1 in Unarmed Combat
    81 | D:2      | Slain by an adder

Vault maps used:
D:1:      minmay_arrival_hallway
D:2:      nicolae_overflow_crystal_walls, serial_forest,
          infiniplex_forest_lined_3, infiniplex_forest_lined_2,
          infiniplex_forest_clump_double, infiniplex_forest_clump_small,
          infiniplex_forest_clump_small, infiniplex_forest_end_2,
          infiniplex_forest_clump_cross, infiniplex_forest_lined_room_3,
          infiniplex_forest_straight_4, first_ration

Skill      XL: |  1 |
---------------+----+-----
Unarmed Combat | 1 |  1.1
Dodging        | |  2.6
Stealth        | |  2.6
Spellcasting   | |  2.0
Necromancy     | |  4.0

Action                   || total
-------------------------++-------
Melee: Unarmed           ||     2
 Cast: Pain              ||     2
 Stab: Sleeping          ||     1

Table legend:
 A = Spawn XP
 B = Non-spawn XP
 C = Spawn XP percentage of total XP
 D = Spawn monster count
 E = Non-spawn monster count
 F = Spawn count percentage of total count
 G = Total turns spent on level
                    A         B        C        D         E        F      G
               +---------+---------+-------+---------+---------+-------+---------
         Total |       0 |       6 |   0.0 |       0 |       3 |   0.0 |    81
               +---------+---------+-------+---------+---------+-------+---------
           D:2 |       0 |       6 |   0.0 |       0 |       3 |   0.0 |    74
               +---------+---------+-------+---------+---------+-------+---------

Table legend:
 A = Turns spent in this place as a percentage of turns spent in the entire game.
 B = Non-inter-level travel turns spent in this place as a percentage of non-inter-level travel turns spent in the entire game.
 C = Inter-level travel turns spent in this place as a percentage of turns spent in this place.
 D = Turns resting spent in this place as a percentage of non-inter-level travel turns spent in this place.
 E = Turns spent auto-exploring this place as a percentage of non-inter-level travel turns spent in this place.
 F = Non-inter-level travel turns spent in this place divided by the number of levels of this place that you've seen.
                   A       B       C       D       E      F
               +-------+-------+-------+-------+-------+----------------------
         Total | 100.0 | 100.0 |   0.0 |   0.0 |   0.0 |  40.5
       Dungeon | 100.0 | 100.0 |   0.0 |   0.0 |   0.0 |  40.5
               +-------+-------+-------+-------+-------+----------------------

Table legend:
 A = Kills in this place as a percentage of kills in entire the game.
 B = Kills by you in this place as a percentage of kills by you in the entire game.
 C = Kills by friends in this place as a percentage of kills by friends in the entire game.
 D = Other kills in this place as a percentage of other kills in the entire game.
 E = Experience gained in this place as a percentage of experience gained in the entire game.
 F = Experience gained in this place divided by the number of levels of this place that you have seen.
                   A       B       C       D       E      F
               +-------+-------+-------+-------+-------+----------------------
         Total | 100.0 | 100.0 |   N/A |   N/A | 100.0 |   3.0
       Dungeon | 100.0 | 100.0 |   N/A |   N/A | 100.0 |   3.0
               +-------+-------+-------+-------+-------+----------------------

Vault maps used:
D:1:      minmay_arrival_hallway
D:2:      nicolae_overflow_crystal_walls, serial_forest,
          infiniplex_forest_lined_3, infiniplex_forest_lined_2,
          infiniplex_forest_clump_double, infiniplex_forest_clump_small,
          infiniplex_forest_clump_small, infiniplex_forest_end_2,
          infiniplex_forest_clump_cross, infiniplex_forest_lined_room_3,
          infiniplex_forest_straight_4, first_ration
